AoeStats
← MP

Arena

510345627Analyzed
3v3 RM · 14h ago on Sep 30, 2026· 65m 2s· 6 players
Game mode
Random Map
Map size
Normal (6 player)
Population
200
Speed
Normal
Resources
Standard
Victory
Conquest
Starting age
Dark Age
Ending age
Imperial Age
RankedLock teamsTeams togetherTeam positionsShared explorationLock speedFull tech treeHidden civsTurbo modeCheats
Victory
Defeat
🇩🇪 Magyars · Germany
1013
+15
🇹🇷 Franks · Türkiye
1002
+15
🇺🇸 Tupi · United States
999
+15
🇩🇪 Spanish · Germany
1049
-18
🇧🇷 Turks · Brazil
969
-14
🇵🇱 Japanese · Poland
930
-13
Temurah
10:39 Feudal Age
8:59 Loom
14:58 Castle Age
13:41 Double-Bit Axe
19:16 Bow Saw
20:58 Horse Collar
21:45 Crossbowman
23:38 Heavy Plow
23:58 Fletching
25:31 Gold Mining
25:42 Stone Mining
26:40 Wheelbarrow
28:20 Ballistics
28:27 Hand Cart
30:25 Bodkin Arrow
33:40 Imperial Age
31:42 Padded Archer Armor
33:27 Champi Runner
34:53 Bracer
35:09 Leather Archer Armor
35:06 Forging
34:56 Scale Mail Armor
36:00 Arbalester
37:11 Ring Archer Armor
36:06 Champi Warrior
37:18 Elite Champi Warrior
38:00 Squires
39:35 Two-Man Saw
40:06 Iron Casting
39:46 Chain Mail Armor
41:05 Gold Shaft Mining
42:55 Plate Mail Armor
47:27 Elite Blackwood Archer
48:20 Caciques
53:59 Elite Skirmisher
schronnel
9:12 Feudal Age
13:07 Horse Collar
13:15 Double-Bit Axe
19:53 Castle Age
18:25 Stone Mining
18:50 Scale Barding Armor
28:14 Wheelbarrow
28:03 Heavy Plow
32:52 Imperial Age
32:44 Chain Barding Armor
33:03 Hand Cart
33:50 Corvinian Army
34:26 Crop Rotation
35:04 Plate Barding Armor
35:31 Elite Magyar Huszar
36:32 Conscription
42:35 Treadmill Crane
43:16 Ballistics
42:49 Fletching
42:59 Padded Archer Armor
44:37 Elite Skirmisher
46:40 Bodkin Arrow
47:00 Leather Archer Armor
54:34 Bracer
55:04 Ring Archer Armor
Kanuni_ibrahim_dede
12:14 Feudal Age
12:50 Double-Bit Axe
17:25 Castle Age
25:07 Bow Saw
26:35 Wheelbarrow
28:15 Hand Cart
32:21 Imperial Age
31:02 Gold Mining
31:03 Stone Mining
31:19 Husbandry
32:07 Scale Mail Armor
32:18 Forging
32:15 Scale Barding Armor
32:39 Cavalier
34:21 Conscription
34:07 Chivalry
35:37 Chain Barding Armor
35:33 Chain Mail Armor
35:56 Iron Casting
37:40 Chemistry
36:21 Treadmill Crane
37:13 Padded Archer Armor
37:04 Fletching
37:34 Elite Throwing Axeman
45:59 Paladin
48:38 Plate Barding Armor
48:34 Plate Mail Armor
49:05 Blast Furnace
47:30 Light Cavalry
58:17 Gold Shaft Mining
58:07 Elite Skirmisher
58:49 Bodkin Arrow
59:09 Leather Archer Armor
59:19 Ballistics
Kuba rozpruwacz
7:36 Loom
10:20 Feudal Age
11:05 Double-Bit Axe
15:07 Man-at-Arms
15:35 Arson
16:41 Wheelbarrow
20:48 Castle Age
22:08 Gold Mining
21:40 Long Swordsman
22:07 Gambesons
22:23 Squires
26:16 Bow Saw
26:33 Scale Mail Armor
28:22 Chain Mail Armor
28:35 Horse Collar
30:30 Heavy Plow
31:28 Forging
31:42 Hand Cart
32:37 Gold Shaft Mining
38:23 Imperial Age
38:31 Two-Handed Swordsman
39:50 Iron Casting
39:26 Pikeman
39:29 Two-Handed Swordsman
41:00 Plate Mail Armor
43:42 Blast Furnace
44:30 Two-Man Saw
43:21 Two-Handed Swordsman
48:32 Halberdier
58:13 Capped Ram
MP
12:55 Feudal Age
17:17 Castle Age
15:19 Double-Bit Axe
15:24 Horse Collar
16:10 Stone Mining
17:29 Wheelbarrow
17:15 Gold Mining
18:28 Bow Saw
21:40 Heavy Plow
23:50 Hand Cart
30:19 Imperial Age
29:11 Gold Shaft Mining
30:10 Fortified Wall
30:53 Ballistics
31:00 Artillery
32:10 Caravan
33:35 Two-Man Saw
32:42 Elite Janissary
34:07 Town Watch
35:15 Padded Archer Armor
35:05 Fletching
35:16 Scale Mail Armor
35:21 Scale Barding Armor
35:40 Conscription
38:25 Town Patrol
38:12 Loom
38:19 Heated Shot
39:44 Leather Archer Armor
60:38 Bloodlines
61:31 Husbandry
63:11 Chain Barding Armor
63:21 Man-at-Arms
64:04 Heavy Camel Rider
65:52 Plate Barding Armor
Scheibenenteise
9:39 Feudal Age
18:03 Castle Age
16:05 Horse Collar
16:24 Double-Bit Axe
20:09 Loom
22:45 Wheelbarrow
25:18 Hand Cart
26:48 Bow Saw
26:44 Heavy Plow
30:36 Imperial Age
29:14 Town Watch
29:32 Padded Archer Armor
29:23 Fletching
30:14 Gold Mining
30:48 Bodkin Arrow
31:08 Leather Archer Armor
31:04 Forging
31:06 Fortified Wall
31:18 Ballistics
31:11 Fortified Wall
32:24 Town Patrol
32:46 Elite Conquistador
34:10 Stone Mining
34:38 Caravan
35:08 Onager
37:07 Chemistry
39:51 Ring Archer Armor
39:13 Pikeman
39:53 Squires
39:39 Arson
39:58 Halberdier
43:51 Supremacy
57:27 Scale Mail Armor
58:03 Iron Casting
59:05 Chain Mail Armor
Connection lost

Rejoining the realm…

Still unreachable

The connection could not be restored.

Session expired

The server has moved on; the page needs a fresh start.